 Dungeon Crawl Stone Soup version 0.21.0-3-g78d12a8 (webtiles) character file.

67 wazuzu the Magician (level 4, -2/24 HPs)
             Began as a Deep Elf Wizard on Jan 12, 2018.
             Slain by an orc priest
             ... wielding a +0 short sword
              (6 damage)
             ... on level 2 of the Dungeon.
             The game lasted 00:03:04 (1719 turns).

wazuzu the Magician (Deep Elf Wizard)               Turns: 1719, Time: 00:03:05

Health: -2/24      AC:  3    Str:  4    XL:     4   Next: 0%
Magic:  2/13       EV: 13    Int: 24    God:
Gold:   111        SH:  0    Dex: 13    Spells: 12/13 levels left

rFire    . . .     SeeInvis .   g - +0 mace (protect)
rCold    . . .     Gourm    +   (no shield)
rNeg     . . .     Faith    .   a - +0 robe
rPois    .         Spirit   .   b - +0 hat
rElec    .         Reflect  .   (no cloak)
rCorr    .         Harm     .   (no gloves)
MR       .....                  o - +0 pair of boots
Stlth    ++........             n - amulet of the gourmand
HPRegen  0.08/turn              (no ring)
MPRegen  0.13/turn              (no ring)

@: no status effects
A: no striking features
a: no special abilities


You were on level 2 of the Dungeon.
You were not hungry.

You visited 1 branch of the dungeon, and saw 3 of its levels.

You collected 111 gold pieces.

Inventory:

Hand Weapons
 g - a +0 mace of protection (weapon)
Armour
 a - a +0 robe (worn)
 b - a +0 hat (worn)
 o - a +0 pair of boots (worn)
Jewellery
 n - an amulet of the gourmand (around neck)
Scrolls
 e - 2 scrolls of amnesia {unknown}
 f - a scroll of fog {unknown}
 h - a scroll of blinking {unknown}
 j - 3 scrolls of remove curse {unknown}
 m - 3 scrolls of identify {unknown}
 p - a scroll of teleportation {unknown}
 q - a scroll of enchant armour {unknown}
Potions
 i - a potion of berserk rage {unknown}
 k - a potion of degeneration {unknown}
 l - a potion of curing {unknown}
Books
 c - a book of Minor Magic

   Spells                             Type                      Level
   a - Magic Dart                     Conjuration                  1
   b - Blink                          Translocation                2
   c - Call Imp                       Summoning                    2
   d - Slow                           Hexes                        2
   e - Conjure Flame                  Conjuration/Fire             3
   f - Mephitic Cloud                 Conjuration/Poison/Air       3
Comestibles
 d - 6 rations


   Skills:
 - Level 2.4 Dodging
 - Level 2.4 Stealth
 + Level 5.3 Spellcasting
 * Level 3.5 Conjurations
   Level 1.1 Summonings
   Level 1.1 Translocations


You had 12 spell levels left.
You knew the following spells:

 Your Spells              Type           Power        Failure   Level  Hunger
a - Magic Dart            Conj           ###.         1%          1    None


Dungeon Overview and Level Annotations

Branches:
Dungeon (3/15)

Altars:
Okawaru


Message History

Press: ? - help, Shift-Dir - straight line, f/p - orc priest
Aim: an orc priest, wielding a short sword and wearing a ring mail (severely wounded)
The magic dart hits the orc priest.
The orc priest is severely wounded.
The orc priest hits you with a short sword.
* * * LOW HITPOINT WARNING * * *
The hobgoblin completely misses you.
Casting: Magic Dart
Confirm with . or Enter, or press ? or * to list all spells.
Aiming: Magic Dart
Press: ? - help, Shift-Dir - straight line, f/p - orc priest
Aim: an orc priest, wielding a short sword and wearing a ring mail (severely wounded)
The magic dart hits the orc priest.
The orc priest is severely wounded.
The orc priest looks satisfied for a moment.
The hobgoblin hits you with a club.
* * * LOW HITPOINT WARNING * * *
The hobgoblin closely misses you.
The orc priest hits you with a short sword.
You die...

#.######.# #........#
#.######.# #.# #.# #.#
#.# #.# #.# #.# #.#
#.######.##############
#.....@o...†...........
#######g†##############
#...)# #....####
#....##<# #....##)#
#....##.#
#...÷##.##########
#.................


You could see an orc priest and a hobgoblin.

Vanquished Creatures
  3 adders (D:2)
  A worm (D:2)
  A dart slug (D:1)
  3 leopard geckos
  2 giant cockroaches (D:2)
  3 goblins
  4 hobgoblins
  3 jackals (D:2)
  A ball python (D:1)
  4 bats
  A frilled lizard (D:2)
  4 kobolds
  3 rats
33 creatures vanquished.

Notes
Turn   | Place    | Note
-------+----------+-------------------------------------------
     0 | D:1      | wazuzu the Deep Elf Wizard began the quest for the Orb.
     0 | D:1      | Reached XP level 1. HP: 10/10 MP: 7/7
   238 | D:1      | Found an iron altar of Okawaru.
   466 | D:1      | Reached XP level 2. HP: 15/15 MP: 6/9
  1151 | D:2      | Reached skill level 5 in Spellcasting
  1151 | D:2      | Reached XP level 3. HP: 16/19 MP: 2/11
  1715 | D:2      | Reached XP level 4. HP: 15/24 MP: 5/13
  1719 | D:2      | Slain by an orc priest

Skill      XL: |  1  2  3 |
---------------+----------+-----
Conjurations   | 2 3 |  3.5
Spellcasting   | 5 |  5.3
Dodging        | |  2.4
Stealth        | |  2.4
Summonings     | |  1.1
Translocations | |  1.1

Action                   |  1- 3 |  4- 6 || total
-------------------------+-------+-------++-------
Melee: Mace              |    12 |       ||    12
 Cast: Magic Dart        |    84 |     4 ||    88
  Eat: Chunk             |     3 |       ||     3
Armor: Robe              |    11 |       ||    11
Dodge: Dodged            |    22 |     3 ||    25
